[Event "Team 45 45 League T49"]
[Site "Internet Chess Club"]
[Date "2011.05.14"]
[Round "1"]
[White "Terte"]
[Black "primerpaso"]
[Result "1/2-1/2"]
[WhiteElo "2026"]
[BlackElo "1863"]
[Opening "Sicilian: Alapin's variation (2.c3)"]
[ECO "B22"]
[Time "11:00:32"]
[TimeControl "2700+45"]

1. e4 c5 2. c3 d5 3. exd5 Qxd5 4. d4 Nf6 5. Nf3 Bg4 6. Be2 e6 7. Be3 cxd4 8.
cxd4 Nc6 9. Nc3 Qa5 10. O-O Be7 11. h3 Bh5 12. Qb3 O-O 13. Qxb7 Qb6 14. Qxb6
axb6 15. g4 Bg6 16. Ne5 Nb4 17. a3 Nbd5 18. Rac1 Nxc3 19. Rxc3 Nd5 20. Rc6 Be4
21. Rcc1 Nxe3 22. fxe3 Bg5 23. Rc3 Rfc8 24. Bf3 Bxf3 25. Rxf3 Rxc3 26. bxc3 f6
27. Nc4 Rc8 28. Nxb6 Rxc3 29. Kf2 Rxa3 30. Ke2 Kf7 31. Nc4 Ra1 32. Kd3 Ke7 33.
Rf2 Rh1 34. Rf3 g6 35. Nd2 f5 36. gxf5 gxf5 37. Nf1 Bh4 38. e4 fxe4+ 39. Kxe4
Rg1 40. Ne3 Re1 41. Kd3 {Game drawn by mutual agreement} 1/2-1/2

[Event "Team 45 45 League T49"]
[Site "Internet Chess Club"]
[Date "2011.05.16"]
[Round "1"]
[White "jjmolina"]
[Black "mugurelt"]
[Result "1/2-1/2"]
[WhiteElo "1735"]
[BlackElo "1664"]
[Opening "Nimzo-Indian: classical, 4...c5"]
[ECO "E38"]
[Time "16:33:01"]
[TimeControl "2700+45"]

1. d4 Nf6 2. c4 e6 3. Nc3 Bb4 4. Qc2 c5 5. a3 Bxc3+ 6. Qxc3 cxd4 7. Qxd4 Nc6 8.
Qd6 Ne4 9. Qd3 d5 10. Nf3 Qb6 11. e3 Nc5 12. Qc2 Nb3 13. Rb1 O-O 14. Nd2 Nxc1
15. Rxc1 Bd7 16. cxd5 exd5 17. Qb3 Qxb3 18. Nxb3 Ne5 19. Nd4 Rac8 20. Rd1 Rc5
21. Be2 Rfc8 22. O-O Nc6 23. Nb3 Rc2 24. Rd2 Ne5 25. Rfd1 Kf8 26. Nd4 Rxd2 27.
Rxd2 Rc1+ 28. Rd1 Rxd1+ 29. Bxd1 Nc4 30. Bb3 Ke7 31. Bxc4 dxc4 32. Kf1 Kd6 33.
Ke1 Kd5 34. Kd2 b5 35. Kc3 a5 36. f3 f5 37. b3 cxb3 38. Nxb3 a4 39. Nd4 g5 40.
Nc2 h5 41. Nb4+ Ke5 42. Nd3+ Kd5 43. Nb4+ Kc5 44. Nd3+ Kb6 45. Kb4 Be6 46. Ne5
h4 47. f4 g4 48. Ng6 g3 49. hxg3 hxg3 50. Nh4 Bd7 51. Kc3 Kc5 52. Nf3 Bc6 53.
Ng1 Bxg2 54. Ne2 Be4 55. Nxg3 Kd5 56. Kb4 Bd3 57. Kc3 Bb1 58. Kb4 Be4 59. Kxb5
Bc2 60. Kb4 Bd3 61. Kxa4 Kc4 62. Ka5 Kb3 63. a4 Kc3 64. Kb6 Kd2 65. Nh5 Kxe3 66.
a5 Kf3 67. Kc5 Kg4 68. Kd4 Be4 69. Nf6+ Kxf4 70. Nd5+ Kg3 71. a6 Bxd5 72. Kxd5
f4 73. a7 f3 74. a8=Q f2 75. Qa1 Kg2 76. Qg7+ Kh1 77. Qh6+ Kg1 78. Qg5+ Kh1 79.
Qh4+ Kg2 80. Qg4+ Kh1 81. Qf3+ Kg1 82. Qg3+ Kh1 83. Qh3+ Kg1 84. Qe3 Kg2 85. Qe2
Kg1 86. Qg4+ Kh1 87. Qh3+ Kg1 88. Qg3+ Kh1 89. Qxf2 {Black stalemated} 1/2-1/2

[Event "Team 45 45 League T49"]
[Site "Internet Chess Club"]
[Date "2011.05.15"]
[Round "1"]
[White "Victorianum"]
[Black "frank001"]
[Result "1/2-1/2"]
[WhiteElo "1781"]
[BlackElo "1565"]
[Opening "QGD: 3.Nc3"]
[ECO "D31"]
[Time "03:00:04"]
[TimeControl "2700+45"]

1. d4 d5 2. c4 e6 3. Nc3 f5 4. Nf3 Nf6 5. Bg5 c6 6. e3 Bd6 7. Qc2 O-O 8. Bd3
Nbd7 9. cxd5 cxd5 10. O-O a6 11. Rac1 Qe8 12. Ne2 Ne4 13. Bf4 Bxf4 14. Nxf4 g5
15. Ne2 g4 16. Nh4 Qh5 17. g3 Ng5 18. Nf4 Qf7 19. Qc7 Nf6 20. f3 Bd7 21. fxg4
Nxg4 22. Nxd5 exd5 23. Bxf5 Bxf5 24. Rxf5 Qxc7 25. Rxc7 Rxf5 26. Nxf5 Nf3+ 27.
Kg2 Nfxh2 28. Ne7+ Kf7 29. Nxd5+ Kg6 30. Rxb7 h5 31. e4 Rf8 32. Nf4+ Kh6 33.
Rb6+ Kh7 34. Rxa6 Rc8 35. Rb6 Rc2+ 36. Kh3 Nf3 37. Nxh5 Ne3 38. Nf6+ Kg7 39. Ng4
Nf1 40. d5 Ng1+ 41. Kh4 Nf3+ 42. Kh3 Ng1+ 43. Kh4 Nf3+ 44. Kh3 {Game drawn by
repetition} 1/2-1/2

[Event "Team 45 45 League T49"]
[Site "Internet Chess Club"]
[Date "2011.05.15"]
[Round "1"]
[White "acejackace"]
[Black "chrisgianno"]
[Result "1-0"]
[WhiteElo "1522"]
[BlackElo "1540"]
[Opening "Réti: King's Indian attack"]
[ECO "A08"]
[Time "13:05:16"]
[TimeControl "2700+45"]

1. Nf3 c5 2. g3 d5 3. Bg2 Nf6 4. d3 Nc6 5. Nbd2 e5 6. e4 d4 7. O-O b5 8. a3 a5
9. a4 b4 10. Nc4 Qc7 11. b3 Be7 12. Nh4 Be6 13. Nf5 Bxf5 14. exf5 O-O 15. f4 Nd7
16. fxe5 Ndxe5 17. Bf4 f6 18. Re1 Bd6 19. Bxe5 fxe5 20. Qf3 Ne7 21. g4 e4 22.
dxe4 Bxh2+ 23. Kf2 Ng6 24. e5 Rae8 25. Qh3 Nxe5 26. Nxe5 Bxe5 27. Bd5+ Kh8 28.
Rxe5 Qxe5 29. Qxh7+ {Black resigns} 1-0

[Event "Team 45 45 League T49"]
[Site "Internet Chess Club"]
[Date "2011.05.17"]
[Round "1"]
[White "Lzmann"]
[Black "tsia68"]
[Result "1/2-1/2"]
[WhiteElo "1808"]
[BlackElo "1919"]
[Opening "King's Indian: Four pawns attack, Florentine gambit"]
[ECO "E76"]
[Time "15:01:06"]
[TimeControl "2700+45"]

1. d4 Nf6 2. c4 g6 3. Nc3 Bg7 4. e4 d6 5. f4 O-O 6. Nf3 c5 7. d5 e6 8. Be2 exd5
9. e5 Ne4 10. cxd5 Nxc3 11. bxc3 Nd7 12. O-O dxe5 13. fxe5 Nxe5 14. Be3 b6 15.
Qd2 Bb7 16. Rad1 Qd6 17. Ng5 Rad8 18. c4 Ba6 19. Ne4 Qe7 20. Qc2 h6 21. Bf4 f5
22. Nf2 Rfe8 23. Rfe1 Qf7 24. h4 Rd7 25. Qa4 Bb7 26. Qxa7 Bxd5 27. Qxb6 Nxc4 28.
Qxc5 Nb2 29. Rc1 Rde7 30. Kf1 Bxa2 31. Bb5 Rxe1+ 32. Rxe1 Rxe1+ 33. Kxe1 Qe6+
34. Kf1 Bc4+ 35. Bxc4 Qxc4+ 36. Qxc4+ Nxc4 37. Nd3 Kf7 38. Ke2 Ke6 39. Nb4 Nd6
40. Be3 Ne4 41. Kf3 g5 42. hxg5 hxg5 43. g4 Nd6 44. Bxg5 fxg4+ {Game drawn by
mutual agreement} 1/2-1/2

[Event "Team 45 45 League T49"]
[Site "Internet Chess Club"]
[Date "2011.05.14"]
[Round "1"]
[White "gerailen0075"]
[Black "BuddyT"]
[Result "1-0"]
[WhiteElo "1934"]
[BlackElo "1740"]
[Opening "French: Réti (Spielmann) variation"]
[ECO "C00"]
[Time "10:00:13"]
[TimeControl "2700+45"]

1. e4 e6 2. b3 c5 3. Nf3 d5 4. exd5 exd5 5. Bb5+ Nc6 6. Qe2+ Ne7 7. O-O Bf5 8.
Nc3 d4 9. Ne5 Qd6 10. Nc4 Qg6 11. Nd5 O-O-O 12. Nxe7+ Nxe7 13. d3 a6 14. Ne5 Qf6
15. a4 axb5 16. axb5 Kb8 17. Bf4 Rd6 18. Nxf7 Qxf7 19. Bxd6+ Kc8 20. Ra8+ Kd7
21. Bxc5 Ng6 22. Qf3 Bxc5 23. Qxb7+ Ke6 24. Ra6+ Bd6 25. Re1+ Ne5 26. Rxe5+
{Black resigns} 1-0

[Event "Team 45 45 League T49"]
[Site "Internet Chess Club"]
[Date "2011.05.15"]
[Round "1"]
[White "BrainDrain"]
[Black "Duguesclin"]
[Result "0-1"]
[WhiteElo "1791"]
[BlackElo "1604"]
[Opening "French: advance, Milner-Barry gambit"]
[ECO "C02"]
[Time "16:00:23"]
[TimeControl "2700+45"]

1. e4 e6 2. d4 d5 3. e5 c5 4. c3 Nc6 5. Nf3 Qb6 6. Bd3 Bd7 7. O-O Rc8 8. b3 cxd4
9. cxd4 Nxd4 10. Ng5 Bc5 11. Na3 Ne7 12. Qh5 Ng6 13. Nxh7 Nf5 14. g4 Nfh4 15.
Bg5 Nf3+ 16. Kg2 Nfxe5 17. Bxg6 Nxg6 18. Nc2 Be7 19. Be3 Qd8 20. Rac1 Bf6 21. f4
Bb2 22. f5 exf5 23. gxf5 Qh4 24. Qe2 Bxf5 25. Rxf5 Qe4+ {White resigns} 0-1

[Event "Team 45 45 League T49"]
[Site "Internet Chess Club"]
[Date "2011.05.16"]
[Round "1"]
[White "room-matt"]
[Black "wrimle"]
[Result "0-1"]
[WhiteElo "1621"]
[BlackElo "1673"]
[Opening "Alekhine's defense: four pawns attack"]
[ECO "B02"]
[Time "14:05:52"]
[TimeControl "2700+45"]

1. e4 Nf6 2. e5 Nd5 3. c4 Nb6 4. d4 d6 5. f4 dxe5 6. fxe5 Bf5 7. Nf3 e6 8. Bd3
Bg4 9. Be4 Nc6 10. c5 Nd5 11. O-O Be7 12. Qd2 O-O 13. Nc3 Rb8 14. a3 b6 15. cxb6
axb6 16. Qd3 h6 17. h3 Bxf3 18. Rxf3 f6 19. Bxh6 gxh6 20. Rg3+ Kh8 21. Qd2 Ne3
22. Qxe3 Qxd4 23. Qxd4 Nxd4 24. Rg6 f5 25. Bd3 Kh7 26. Rg3 Bh4 27. Re3 Bg5 28.
Ree1 Rg8 29. Nb5 c5 30. Nxd4 cxd4 31. Kf1 Kg7 32. Ke2 Kf7 33. Kf3 Bh4 34. Rg1
Rg3+ 35. Ke2 Rbg8 36. Bc4 Rxg2+ 37. Rxg2 Rxg2+ 38. Kd3 Rxb2 39. Kxd4 Rh2 40. Bf1
Rd2+ 41. Kc4 Rd5 42. Rb1 Rc5+ 43. Kd3 Rd5+ 44. Kc4 Bf2 45. Rb2 Bc5 46. a4 Rxe5
47. Re2 Rd5 48. Rb2 Rd4+ 49. Kb5 Rf4 50. Bg2 Rf2 51. Rxf2 Bxf2 52. Bc6 Kf6 53.
Bf3 e5 54. Kc4 e4 55. Be2 Ke5 56. Bd1 Kf4 57. Kd5 Ke3 58. Ke5 Kd2 59. Bh5 e3 60.
Kxf5 e2 61. Bxe2 Kxe2 62. Ke4 Kd2 63. Kf3 Bc5 64. Ke4 Kc3 65. Kf5 Kb4 66. Kg6
Be3 67. Kf5 Kxa4 68. Ke4 Bc1 69. Kd3 Kb3 70. h4 b5 {White resigns} 0-1

[Event "Team 45 45 League T49"]
[Site "Internet Chess Club"]
[Date "2011.05.15"]
[Round "1"]
[White "CaoCao"]
[Black "subterfuge"]
[Result "1/2-1/2"]
[WhiteElo "1878"]
[BlackElo "1735"]
[Opening "Caro-Kann: Steinitz variation"]
[ECO "B17"]
[Time "18:30:20"]
[TimeControl "2700+45"]

1. e4 c6 2. d4 d5 3. Nc3 dxe4 4. Nxe4 Nd7 5. Nf3 Ngf6 6. Ng3 Nb6 7. Be2 Bg4 8.
O-O Qc7 9. Ne5 Be6 10. c4 g6 11. Bf4 Qc8 12. Qc2 Bg7 13. Rfd1 Nbd7 14. Nxd7 Qxd7
15. Be5 O-O 16. a4 Rac8 17. Qd2 Rfd8 18. f3 Ne8 19. Bxg7 Kxg7 20. Qe3 Nd6 21. d5
cxd5 22. cxd5 Bf5 23. Bb5 Qc7 24. Kh1 a6 25. Rac1 Qa5 26. Rxc8 Bxc8 27. Qd4+ Kg8
28. Bd3 Qc7 29. b4 Bd7 30. a5 Bb5 31. Bxb5 Nxb5 32. Qe3 Qd6 33. Qb3 f5 34. Ne2
e6 35. Nc3 Nxc3 36. Qxc3 exd5 37. Rd4 Qe6 38. h4 Rc8 39. Qd2 Rd8 40. Qc3 Rd7 41.
Qd2 Kf7 42. g4 fxg4 43. Rxg4 d4 44. Kg2 d3 45. Re4 Qd5 46. Qh6 d2 47. Qxh7+ Kf6
48. Qh8+ Kf5 49. Qf8+ Rf7 50. Qh6 Kf6 51. Qh8+ Kf5 52. Qh6 Kf6 53. Qh8+ {Game
drawn by mutual agreement} 1/2-1/2

[Event "Team 45 45 League T49"]
[Site "Internet Chess Club"]
[Date "2011.05.15"]
[Round "1"]
[White "rayonline53"]
[Black "RamRock"]
[Result "0-1"]
[WhiteElo "1446"]
[BlackElo "1851"]
[Opening "Caro-Kann: Steinitz variation"]
[ECO "B17"]
[Time "16:02:47"]
[TimeControl "2700+45"]

1. e4 c6 2. d4 d5 3. Nc3 dxe4 4. Nxe4 Nd7 5. Nf3 Ngf6 6. Nxf6+ Nxf6 7. Bc4 Bf5
8. c3 e6 9. O-O Bd6 10. h3 h6 11. Re1 Nd5 12. Bd3 Qf6 13. Bxf5 Qxf5 14. Qe2
O-O-O 15. Qe4 Qxe4 16. Rxe4 Nf6 17. Re2 Nd7 18. Bd2 Rhe8 19. Rae1 Re7 20. Bc1
Rde8 21. Ne5 Nxe5 22. dxe5 Bc5 23. Be3 Bxe3 24. Rxe3 Rd7 25. R1e2 Red8 26. f4
Rd3 27. Kf2 c5 28. Rxd3 Rxd3 29. Re3 Rd2+ 30. Re2 Rd3 31. Re3 Rd2+ 32. Re2 Rd1
33. Re1 Rd5 34. Ke2 Kc7 35. Rd1 Rxd1 36. Kxd1 Kc6 37. c4 b5 38. b3 Kb6 39. Kc2
Ka5 40. Kc3 f6 41. g4 fxe5 42. fxe5 g5 43. Kd3 Kb4 44. cxb5 Kxb5 45. Kc3 a6 46.
a3 a5 47. a4+ Kb6 48. Kc4 Kc6 {White resigns} 0-1

[Event "Team 45 45 League T49"]
[Site "Internet Chess Club"]
[Date "2011.05.13"]
[Round "1"]
[White "Portola"]
[Black "Giacometti"]
[Result "1-0"]
[WhiteElo "1805"]
[BlackElo "1678"]
[Opening "Dutch"]
[ECO "A80"]
[Time "19:00:30"]
[TimeControl "2700+45"]

1. d4 f5 2. Nf3 g6 3. c3 Nf6 4. Bg5 Bg7 5. e3 O-O 6. Bc4+ Kh8 7. Bxf6 Bxf6 8. h4
d5 9. Bd3 c5 10. Ng5 c4 11. Be2 e5 12. dxe5 Bxg5 13. hxg5 Qxg5 14. Qxd5 Rd8 15.
Qf7 Nd7 16. Qxh7# {Black checkmated} 1-0

[Event "Team 45 45 League T49"]
[Site "Internet Chess Club"]
[Date "2011.05.18"]
[Round "1"]
[White "DanMcClintic"]
[Black "RD1974"]
[Result "1-0"]
[WhiteElo "1614"]
[BlackElo "1584"]
[Opening "Scandinavian: Pytel-Wade variation"]
[ECO "B01"]
[Time "18:06:00"]
[TimeControl "2700+45"]

1. e4 d5 2. exd5 Qxd5 3. Nc3 Qd6 4. d4 Nf6 5. Nf3 a6 6. h3 Bf5 7. Bd3 Bg6 8. Be3
Nc6 9. a3 e6 10. O-O Be7 11. Ne2 Bh5 12. g4 Nxg4 13. hxg4 Bxg4 14. Be4 f5 15.
Bxc6+ Qxc6 16. Ne5 Qe4 17. Nxg4 Qxg4+ 18. Ng3 Qxd1 19. Raxd1 g5 20. f4 g4 21. d5
Bh4 22. Nh5 Kf7 23. dxe6+ Kxe6 24. Ng7+ Kf7 25. Nxf5 Bf6 26. c3 h5 27. Bd4 Rhe8
28. Bxf6 Kxf6 29. Nd4 Re3 30. Rd2 h4 31. Re2 Rd3 32. Rff2 c5 33. Nb3 g3 34. Rf1
b6 35. Nc1 Rd7 36. Kg2 Kf5 37. Re5+ Kg6 38. Kh3 Rh8 39. f5+ Kf6 40. Re6+ Kf7 41.
Rxb6 Rd2 42. Rh1 Rf2 43. Nd3 Rxf5 44. Rc6 Rd5 45. Rf1+ Ke7 46. Nxc5 Rd2 47. Re6+
Kd8 48. Rh1 g2 49. Rg1 Rg8 50. Rh6 Rg3+ 51. Kxh4 Rf3 52. Rg6 Rd5 53. Ne6+ Ke7
54. Nd4 Rf4+ 55. Rg4 Rf7 56. R1xg2 Rh7+ 57. Kg3 Rdh5 58. Re2+ Kd7 59. Kf4 Rf7+
60. Ke3 a5 61. Re4 Kd6 62. Kd2 Kd5 63. Re7 Rxe7 64. Rxe7 Rh2+ 65. Re2 Rh7 66. b3
Rh3 67. Re3 Rh2+ 68. Ne2 Rh8 69. Nf4+ Kd6 70. Kd3 Rb8 71. b4 a4 72. Re6+ Kd7 73.
Ra6 Rf8 74. Ne2 Rf3+ 75. Kc4 Re3 76. Nd4 Re8 77. Rxa4 Rc8+ 78. Kb3 Kd6 79. Ra5
Rb8 80. Rc5 Rh8 81. a4 Rh1 82. a5 Rb1+ 83. Kc4 Ra1 84. Kb5 {Black resigns} 1-0

[Event "Team 45 45 League T49"]
[Site "Internet Chess Club"]
[Date "2011.05.17"]
[Round "1"]
[White "Zumbi"]
[Black "chiiwen"]
[Result "1-0"]
[WhiteElo "2159"]
[BlackElo "2142"]
[Opening "Sicilian: Kan, 5.Nc3"]
[ECO "B43"]
[Time "21:31:18"]
[TimeControl "2700+45"]

1. e4 c5 2. Nf3 e6 3. d4 cxd4 4. Nxd4 a6 5. Nc3 Qc7 6. Bd3 Nf6 7. f4 d6 8. Qf3
Nbd7 9. g4 Nc5 10. g5 Nxd3+ 11. cxd3 Nd7 12. Bd2 Qb6 13. Nb3 Nc5 14. Nxc5 Qxc5
15. O-O-O b5 16. Kb1 Bb7 17. Rc1 Qb6 18. f5 b4 19. Be3 Qa5 20. fxe6 fxe6 21.
Rhf1 Be7 22. Qf7+ Kd7 23. Na4 Qxa4 24. Rc7+ Kxc7 25. Qxe7+ Qd7 26. Bb6+ {Black
resigns} 1-0

[Event "Team 45 45 League T49"]
[Site "Internet Chess Club"]
[Date "2011.05.14"]
[Round "1"]
[White "AronT"]
[Black "grabuark"]
[Result "1/2-1/2"]
[WhiteElo "2133"]
[BlackElo "2067"]
[Opening "King's Indian: Averbakh system"]
[ECO "E73"]
[Time "21:50:09"]
[TimeControl "2700+45"]

1. d4 Nf6 2. c4 g6 3. Nc3 Bg7 4. e4 d6 5. Be2 O-O 6. Bg5 Na6 7. Qd2 e5 8. d5 c6
9. h4 cxd5 10. cxd5 Nc5 11. f3 Qb6 12. g4 Bd7 13. Nh3 Rac8 14. Nf2 a5 15. h5 a4
16. hxg6 fxg6 17. Be3 Qa5 18. O-O Rf7 19. Rfb1 Be8 20. b4 axb3 21. axb3 Qb4 22.
Nb5 Qxd2 23. Bxd2 Bf8 24. b4 Na6 25. Rc1 Bxb5 26. Bxb5 Rfc7 27. Rxc7 Rxc7 28.
Bxa6 bxa6 29. Rxa6 Rc2 30. Bg5 Kf7 31. Bxf6 Kxf6 32. b5 Rb2 33. Rb6 Rb1+ 34. Kg2
Rb2 35. Kf1 h5 36. gxh5 gxh5 37. Rb8 Bh6 38. Nd1 Rb1 39. Ke2 h4 40. Nf2 Rb2+ 41.
Kf1 Rb1+ 42. Kg2 Rb2 43. Kf1 Rb1+ {Game drawn by mutual agreement} 1/2-1/2

[Event "Team 45 45 League T49"]
[Site "Internet Chess Club"]
[Date "2011.05.13"]
[Round "1"]
[White "Tobiasdelmonte"]
[Black "RosewoodTele"]
[Result "0-1"]
[WhiteElo "1895"]
[BlackElo "1853"]
[Opening "King's Indian: fianchetto, Kavalek (Bronstein) variation"]
[ECO "E62"]
[Time "22:31:56"]
[TimeControl "2700+45"]

1. d4 Nf6 2. c4 g6 3. Nf3 Bg7 4. Nc3 d6 5. g3 c6 6. Bg2 O-O 7. O-O Qa5 8. e4 e5
9. Be3 Be6 10. d5 cxd5 11. cxd5 Bd7 12. Rc1 Na6 13. a3 Rfc8 14. Ng5 Qd8 15. b4
Nc7 16. Qd3 Qe8 17. Rfe1 Nb5 18. Ne2 h6 19. Nf3 Kh7 20. a4 Nc7 21. b5 b6 22. Rc4
Qe7 23. Rec1 Nce8 24. R1c3 Rxc4 25. Rxc4 Rc8 26. Qc2 Qd8 27. h3 Rxc4 28. Qxc4
Qc8 29. Qxc8 Bxc8 30. Nd2 Nd7 31. Nc4 Nc5 32. Nc3 Bf8 33. a5 bxa5 34. Bxc5 dxc5
35. Nxe5 Kg7 36. Nc6 a6 37. b6 Nd6 38. Nxa5 Nb7 39. Nc6 f6 40. Bf1 Nd6 41. f4 c4
42. e5 fxe5 43. fxe5 Nb5 44. Nxb5 axb5 45. Na7 Bc5+ 46. Kh2 c3 47. Bd3 Bf5 48.
Nxb5 Bxd3 49. b7 c2 50. b8=Q Bg1+ 51. Kxg1 c1=Q+ 52. Kf2 Qd2+ {White resigns}
0-1

[Event "Team 45 45 League T49"]
[Site "Internet Chess Club"]
[Date "2011.05.14"]
[Round "1"]
[White "Ben777"]
[Black "JFlamer"]
[Result "0-1"]
[WhiteElo "1777"]
[BlackElo "1819"]
[Opening "Alekhine's defense: exchange variation"]
[ECO "B02"]
[Time "15:00:14"]
[TimeControl "2700+45"]

1. e4 Nf6 2. e5 Nd5 3. c4 Nb6 4. d4 d6 5. exd6 exd6 6. Bd3 Nc6 7. Be3 d5 8. c5
Nd7 9. Nf3 Nf6 10. h3 h6 11. O-O Be7 12. Bc2 O-O 13. Nc3 Be6 14. Re1 b6 15. Qd2
bxc5 16. dxc5 Rb8 17. Rad1 Nb4 18. Bb1 Na6 19. Qc2 Nxc5 20. Nxd5 Bxd5 21. Bxc5
Bxc5 22. Qxc5 c6 23. Nd4 Qb6 24. Qxb6 axb6 25. b4 Rfe8 26. Kf1 Kf8 27. g3 Nd7
28. Rc1 b5 29. Rc3 Rxe1+ 30. Kxe1 Ne5 31. f4 Nc4 32. Bd3 Re8+ 33. Kf2 Ne3 34.
Rc1 Nc4 35. Re1 Rxe1 36. Kxe1 Nb2 37. Kd2 Ke8 38. a3 g6 39. Kc3 Na4+ 40. Kd2 Nb6
41. Ke3 Ke7 42. h4 h5 43. f5 Kf6 44. Kf4 Bg2 45. Be4 Bxe4 46. Kxe4 gxf5+ 47.
Nxf5 Nc4 48. Nd4 Nxa3 49. Nxc6 Nc2 50. Kf4 Kg6 51. Ke5 f6+ 52. Ke4 Kh6 53. Kf5
Kg7 54. Ke4 Kg6 55. Ne7+ Kf7 56. Nd5 Kg6 57. Nf4+ Kf7 58. Nxh5 Nxb4 59. Kf5 Nd5
60. Ke4 b4 61. Kd3 Kg6 62. g4 f5 63. Ng3 fxg4 64. Kc4 Kf6 65. Ne2 Kf5 66. Nd4+
Ke4 67. h5 Ne3+ 68. Kxb4 Kxd4 69. h6 Nd5+ {White resigns} 0-1

[Event "Team 45 45 League T49"]
[Site "Internet Chess Club"]
[Date "2011.05.13"]
[Round "1"]
[White "chess9793"]
[Black "egyptiantiger"]
[Result "1/2-1/2"]
[WhiteElo "2147"]
[BlackElo "2086"]
[Opening "Sicilian: Najdorf, Byrne (English) attack"]
[ECO "B90"]
[Time "19:02:57"]
[TimeControl "2700+45"]

1. e4 c5 2. Nf3 d6 3. d4 cxd4 4. Nxd4 Nf6 5. Nc3 a6 6. Be3 Ng4 7. Bg5 h6 8. Bh4
g5 9. Bg3 Bg7 10. h3 Ne5 11. Nf5 Bxf5 12. exf5 Nbc6 13. Nd5 e6 14. fxe6 fxe6 15.
Ne3 h5 16. Be2 h4 17. Bh5+ Kd7 18. Bh2 Qa5+ 19. c3 Qb5 20. Qe2 Nd3+ 21. Kf1 Rxh5
22. Rd1 Nf4 23. c4 Nxe2 24. cxb5 Ncd4 25. g3 hxg3 26. fxg3 g4 27. hxg4 Rxb5 28.
Rd2 Nc1 29. b3 d5 30. Kg2 Rc5 31. Rf1 Ke7 32. Bg1 Nce2 33. Bf2 Rac8 34. Re1 Kd7
35. g5 Nc3 36. Ng4 Nf5 37. Bxc5 Rxc5 38. Nf6+ Ke7 39. g4 Nh4+ 40. Kg3 Ng6 41.
Rf1 d4 42. Re1 Rxg5 43. Nh5 Be5+ 44. Kh3 Kd6 45. a3 Kd5 46. Rc1 Ne4 47. Rg2 d3
48. Re1 Kd4 49. b4 d2 50. Rxe4+ Kxe4 51. Rxd2 Nf4+ 52. Kh4 Rg8 53. Rd7 b5 54.
Rd1 Ng2+ 55. Kh3 Ne3 56. Re1 Rxg4 57. Rxe3+ Kxe3 58. Kxg4 Bb2 59. Nf4 e5 60.
Nd5+ Kd3 61. Kf5 Kd4 62. Nc7 Bxa3 63. Nxa6 e4 64. Kf4 Bc1+ 65. Kg3 e3 66. Kf3
Bd2 67. Ke2 Kc4 68. Kf3 Kd4 69. Ke2 Bc3 70. Nc7 Bxb4 71. Nxb5+ Ke4 72. Nc7 Bd2
73. Ne6 Bb4 74. Ng5+ Kf4 75. Ne6+ Ke4 76. Ng5+ {Game drawn by mutual agreement}
1/2-1/2

[Event "Team 45 45 League T49"]
[Site "Internet Chess Club"]
[Date "2011.05.13"]
[Round "1"]
[White "noHz"]
[Black "musk6868"]
[Result "0-1"]
[WhiteElo "2046"]
[BlackElo "2000"]
[Opening "Dutch with c4 & Nc3"]
[ECO "A87"]
[Time "12:10:06"]
[TimeControl "2700+45"]

1. d4 f5 2. c4 Nf6 3. Nc3 d6 4. Nf3 g6 5. g3 Bg7 6. Bg2 O-O 7. O-O Qe8 8. Qb3 c6
9. Rd1 Na6 10. Qc2 e5 11. dxe5 dxe5 12. a3 Nc5 13. Nd2 Qf7 14. b4 Ne6 15. Nf3
Nd4 16. Qa2 Ne4 17. Nxd4 Nxc3 18. Qc2 exd4 19. Re1 Qxc4 20. Bb2 Be6 21. Rac1 Qb3
22. Qd2 Rad8 23. Rc2 Bd5 24. Bf1 Be4 25. Rcc1 Qf7 26. f3 Bd5 27. Qc2 Bc4 28. Bg2
Rfe8 29. e3 d3 30. Qd2 Ne2+ 31. Kf2 Nxc1 32. Rxc1 Bxb2 33. Qxb2 d2 34. Rd1 Qe6
35. Qc3 Rd3 {White resigns} 0-1

[Event "Team 45 45 League T49"]
[Site "Internet Chess Club"]
[Date "2011.05.15"]
[Round "1"]
[White "Superman"]
[Black "flyingpawns"]
[Result "1/2-1/2"]
[WhiteElo "1857"]
[BlackElo "1711"]
[Opening "French: exchange variation"]
[ECO "C01"]
[Time "00:06:57"]
[TimeControl "2700+45"]

1. e4 e6 2. d4 d5 3. exd5 exd5 4. c4 c6 5. Bd3 Nf6 6. Ne2 Be7 7. Nbc3 O-O 8. Bg5
Be6 9. cxd5 Nxd5 10. Bc1 Nd7 11. O-O N7f6 12. Re1 Re8 13. Nf4 Nxf4 14. Bxf4 Nd5
15. Be5 Bf6 16. Rc1 Nxc3 17. bxc3 Bxe5 18. Rxe5 Bxa2 19. Rh5 g6 20. Rh3 Be6 21.
Rg3 Qf6 22. Qd2 Rad8 23. Qh6 Qg7 24. Qg5 a5 25. Qxa5 Ra8 26. Qc7 Reb8 27. h4 f6
28. Qf4 Bf7 29. Re1 Re8 30. Rge3 Rxe3 31. Rxe3 Re8 32. Qc7 Be6 33. Qd6 Qf7 34.
f4 f5 35. Re5 Bd5 36. Qc5 b5 37. Bxb5 Rxe5 38. dxe5 cxb5 39. Qxb5 Bc4 40. Qc5
Qd5 41. Qc8+ Kg7 42. Qc7+ Qf7 43. Qc6 Bd5 44. Qd6 Be6 45. Qd8 h6 46. Kh2 Qd7 47.
Qf6+ Kh7 48. Kg1 Bc4 49. Kh2 Qe6 50. Qd8 Bd5 51. Qf8 Qf7 52. Qd6 Kg7 53. Kg1 Be6
54. Kh2 Qd7 55. Qb6 Kf7 56. c4 {Game drawn by mutual agreement} 1/2-1/2

[Event "Team 45 45 League T49"]
[Site "Internet Chess Club"]
[Date "2011.05.15"]
[Round "1"]
[White "DieHappy"]
[Black "Paulkov"]
[Result "1-0"]
[WhiteElo "2597"]
[BlackElo "2288"]
[Opening "English: Caro-Kann defensive system"]
[ECO "A11"]
[Time "15:05:01"]
[TimeControl "2700+45"]

1. c4 c6 2. g3 d5 3. Bg2 Nf6 4. Nf3 g6 5. b3 Bg7 6. Bb2 O-O 7. O-O Bg4 8. d3
Nbd7 9. Nbd2 Re8 10. Rc1 e5 11. cxd5 Nxd5 12. Qc2 Qe7 13. a3 Rad8 14. h3 Be6 15.
Rfd1 c5 16. Nc4 f6 17. Na5 Rb8 18. e4 N5b6 19. Bc3 Bh6 20. Bd2 Bxd2 21. Qxd2
Red8 22. Qc3 Kg7 23. Kh2 Qd6 24. Rd2 Nc8 25. b4 b6 26. bxc5 Nxc5 27. Nc4 Qf8 28.
Ncxe5 Ne7 29. Nc4 Rbc8 30. e5 Bxc4 31. dxc4 Rxd2 32. Nxd2 Nc6 33. Bxc6 Rxc6 34.
Re1 fxe5 35. Qxe5+ Qf6 36. Qe7+ Qf7 37. Kg2 Rc7 38. Qe5+ Kg8 39. Re3 Rd7 40. Nf3
Qf8 41. h4 Rf7 42. Qd5 Kg7 43. h5 Rf6 44. Qe5 Nd7 45. Qd4 Nc5 46. Re1 Kg8 47.
hxg6 hxg6 48. Ng5 Rf5 49. f4 Qa8+ 50. Kg1 Qf8 51. Re2 a5 52. a4 Nxa4 53. Qd7
{Black resigns} 1-0

[Event "Team 45 45 League T49"]
[Site "Internet Chess Club"]
[Date "2011.05.21"]
[Round "1"]
[White "MaartenKoning"]
[Black "sandham"]
[Result "1-0"]
[WhiteElo "2246"]
[BlackElo "2126"]
[Opening "Center game: Berger variation"]
[ECO "C22"]
[Time "07:13:06"]
[TimeControl "2700+45"]

1. e4 e5 2. d4 exd4 3. Qxd4 Nc6 4. Qe3 Nf6 5. Nc3 Be7 6. Bc4 O-O 7. Bd2 d6 8.
O-O-O Ng4 9. Qe1 Nge5 10. Be2 Nd4 11. f4 Nxe2+ 12. Qxe2 Nc6 13. Nf3 Re8 14. Nd5
Be6 15. Bc3 Bxd5 16. exd5 Bf6 17. Qd3 Nb8 18. Rde1 Rxe1+ 19. Rxe1 Nd7 20. h3
Bxc3 21. Qxc3 Nf6 22. Qb3 b6 23. Qb5 Kf8 24. Nd4 a6 25. Qc6 Rb8 26. g4 h6 27. g5
hxg5 28. fxg5 Nd7 29. h4 Ne5 30. Qc3 Qd7 31. h5 Re8 32. g6 Kg8 33. h6 Nxg6 34.
Rg1 Qe7 35. Ne6 Qf6 36. Qxf6 gxf6 37. Nxc7 Re5 38. Nxa6 Rxd5 39. Nb4 Rb5 40. c3
Kh7 41. Rd1 Kxh6 42. Rxd6 f5 43. Nd5 Kg5 44. b4 Nf4 45. c4 Nxd5 46. cxb5 Nxb4
47. a3 Na2+ 48. Kb2 f4 49. Kxa2 f3 50. a4 f2 51. Rd1 Kf4 52. a5 Ke3 53. axb6 Ke2
54. Rb1 {Black resigns} 1-0

[Event "Team 45 45 League T49"]
[Site "Internet Chess Club"]
[Date "2011.05.13"]
[Round "1"]
[White "Ptzz"]
[Black "Seaborgium"]
[Result "1-0"]
[WhiteElo "2116"]
[BlackElo "1963"]
[Opening "King's Indian: orthodox, Aronin-Taimanov, bayonet attack"]
[ECO "E97"]
[Time "13:00:55"]
[TimeControl "2700+45"]

1. d4 Nf6 2. c4 g6 3. Nc3 Bg7 4. e4 d6 5. Be2 O-O 6. Nf3 e5 7. O-O Nc6 8. d5 Ne7
9. b4 Nh5 10. Re1 f5 11. Ng5 Nf6 12. Bf3 c6 13. Bb2 Kh8 14. b5 Ne8 15. bxc6 Nxc6
16. dxc6 Qxg5 17. exf5 Qxf5 18. Ne4 bxc6 19. Nxd6 Nxd6 20. Qxd6 Ba6 21. Bxe5
Bxe5 22. Rxe5 Qf4 23. Re6 Bxc4 24. Qxf4 Rxf4 25. Rxc6 Rb8 26. h3 Rb2 27. Rc8+
Kg7 28. Rc7+ Kh6 29. Rxa7 Rd4 30. Ra4 Kg5 31. a3 Rc2 32. Rd1 Rxd1+ 33. Bxd1 Rc1
34. Kh2 Bd5 35. Rd4 Bc6 36. Rd3 Ra1 37. Bf3 Bxf3 38. Rxf3 Ra2 39. Kg3 h6 40. h4+
Kh5 41. Rb3 g5 42. hxg5 hxg5 43. f3 Kg6 44. Rb6+ Kf5 45. Ra6 Ke5 46. a4 Kf5 47.
Ra8 Ra3 48. Ra5+ Kf6 49. Kg4 Ra2 50. g3 Ra3 51. Rf5+ Ke6 52. a5 {Black resigns}
1-0